MID
CLINTON LUMBERKINGS @ CHARLESTON RIVERDOGS
06/06/2045
 
TOP OF THE 1ST
Clinton LumberKings batting - Pitching for Charleston RiverDogs : RHP Angel Gutierres
Pitching: RHP Angel Gutierres
Batting: RHB Tomokazu Sugimoto 0-0: Ball
1-0: Foul Ball, location: 2F
1-1: Ball
2-1: Called Strike
2-2: Ball
3-2: Strikes out looking
Batting: RHB Micah Roth 0-0: Called Strike
0-1: Ball
1-1: Ball
2-1: SINGLE (Groundball, 5S, EV 76.2 MPH) (infield hit)
Batting: RHB Joe Stading 0-0: Called Strike
0-1: Called Strike
0-2: Ball
1-2: Strikes out swinging
Batting: LHB Justin Long 0-0: Called Strike
Micah Roth steals 2nd base
0-1: Fly out, F5 (Flyball, 5D, EV 91.9 MPH)
Top of the 1st over - 0 runs, 1 hit, 0 errors, 1 left on base; Clinton 0 - Charleston 0
BOTTOM OF THE 1ST
Charleston RiverDogs batting - Pitching for Clinton LumberKings : LHP Chan-u Lee
Pitching: LHP Chan-u Lee
Batting: RHB Jonathan Jelich 0-0: Bunt for hit to 3S - play at first, batter OUT! 3-4
Batting: SHB Victor Ruiz 0-0: Fly out, F7 (Flyball, 7LM, EV 98.8 MPH)
Batting: RHB Johannes Gutermuth 0-0: Ball
1-0: Foul Ball, location: 2F
1-1: Foul Ball, location: 2F
1-2: Strikes out looking
Bottom of the 1st over - 0 runs, 0 hits, 0 errors, 0 left on base; Clinton 0 - Charleston 0
TOP OF THE 2ND
Clinton LumberKings batting - Pitching for Charleston RiverDogs : RHP Angel Gutierres
Batting: SHB Jose Castillo 0-0: Foul Ball, location: 2F
0-1: Foul Ball, location: 2F
0-2: Ball
1-2: Strikes out looking
Batting: LHB Chang Huie 0-0: Ball
1-0: Ball
2-0: Ground out U3 (Groundball, 3, EV 102.5 MPH)
Batting: RHB Clay Statum 0-0: Called Strike
0-1: Ball
1-1: DOUBLE (Line Drive, 89D, EV 107.5 MPH)
Batting: LHB Brian Butler 0-0: Foul Ball, location: 2F
0-1: Ball
1-1: Ball
2-1: Ball
3-1: Called Strike
3-2: Fly out, F6 (Flyball, 56D, EV 90.6 MPH)
Top of the 2nd over - 0 runs, 1 hit, 0 errors, 1 left on base; Clinton 0 - Charleston 0
BOTTOM OF THE 2ND
Charleston RiverDogs batting - Pitching for Clinton LumberKings : LHP Chan-u Lee
Batting: SHB Mukhtar Wa'il 0-0: Swinging Strike
0-1: Called Strike
0-2: Strikes out swinging
Batting: RHB Jordan Barragan 0-0: Called Strike
0-1: Ball
1-1: Foul Ball, location: 2F
1-2: Strikes out swinging
Batting: RHB Matt Crane 0-0: Swinging Strike
0-1: Ball
1-1: Ball
2-1: Swinging Strike
2-2: Foul Ball, location: 2F
2-2: Ball
3-2: Base on Balls
Batting: LHB Aaron Joyner 0-0: Swinging Strike
0-1: Ball
1-1: Foul Ball, location: 2F
1-2: Ball
2-2: Ball
3-2: Foul Ball, location: 2F
3-2: Fly out, F8 (Line Drive, 8LM, EV 91.9 MPH)
Bottom of the 2nd over - 0 runs, 0 hits, 0 errors, 1 left on base; Clinton 0 - Charleston 0
TOP OF THE 3RD
Clinton LumberKings batting - Pitching for Charleston RiverDogs : RHP Angel Gutierres
Batting: RHB Josh Mauer 0-0: Ball
1-0: Ball
2-0: Fly out, F8 (Flyball, 8LM, EV 83.1 MPH)
Batting: RHB Tomokazu Sugimoto 0-0: Ground out 4-3 (Groundball, 4, EV 101.2 MPH)
Batting: RHB Micah Roth 0-0: Ball
1-0: Called Strike
1-1: SINGLE (Groundball, 6MD, EV 94.4 MPH)
Batting: RHB Joe Stading 0-0: Ball
1-0: Foul Ball, location: 2F
1-1: Ball
2-1: Called Strike
Micah Roth steals 2nd base
2-2: SINGLE (Groundball, 4S, EV 65.6 MPH) (infield hit)
Micah Roth to third
Batting: LHB Justin Long 0-0: Called Strike
0-1: Ball
1-1: Foul Ball, location: 2F
1-2: Ball
2-2: Ball
3-2: Base on Balls
Joe Stading to second
Batting: SHB Jose Castillo 0-0: Called Strike
0-1: Ball
1-1: Called Strike
1-2: Ground out 4-3 (Groundball, 4, EV 80.6 MPH)
Top of the 3rd over - 0 runs, 2 hits, 0 errors, 3 left on base; Clinton 0 - Charleston 0
BOTTOM OF THE 3RD
Charleston RiverDogs batting - Pitching for Clinton LumberKings : LHP Chan-u Lee
Batting: RHB Ben Kidder 0-0: Ball
1-0: Fly out, F8 (Flyball, 8RM, EV 83.8 MPH)
Batting: RHB Alfredo Razo 0-0: SOLO HOME RUN (Flyball, 89XD, EV 111.2 MPH), Distance : 432 ft
Batting: RHB Jonathan Jelich 0-0: Reached on error, E3 (Groundball, 34, EV 83.1 MPH)
Batting: SHB Victor Ruiz 0-0: Ball
1-0: Ball
2-0: Foul Ball, location: 2F
2-1: Foul Ball, location: 2F
2-2: Fly out, F7 (Flyball, 7, EV 83.8 MPH)
Batting: RHB Johannes Gutermuth 0-0: Foul Ball, location: 2F
0-1: Ball
1-1: Ball
2-1: Called Strike
2-2: Strikes out swinging
Bottom of the 3rd over - 1 run, 1 hit, 1 error, 1 left on base; Clinton 0 - Charleston 1
TOP OF THE 4TH
Clinton LumberKings batting - Pitching for Charleston RiverDogs : RHP Angel Gutierres
Batting: LHB Chang Huie 0-0: Called Strike
0-1: Ball
1-1: Ground out 4-3 (Groundball, 4S, EV 65.0 MPH)
Batting: RHB Clay Statum 0-0: Ground out 4-3 (Groundball, 4, EV 103.8 MPH)
Batting: LHB Brian Butler 0-0: Fly out, F9 (Flyball, 89S, EV 90.6 MPH)
Top of the 4th over - 0 runs, 0 hits, 0 errors, 0 left on base; Clinton 0 - Charleston 1
BOTTOM OF THE 4TH
Charleston RiverDogs batting - Pitching for Clinton LumberKings : LHP Chan-u Lee
Batting: SHB Mukhtar Wa'il 0-0: Ball
1-0: Foul Ball, location: 2F
1-1: Foul Ball, location: 2F
1-2: Ball
2-2: SINGLE (Groundball, 34D, EV 105.6 MPH)
Batting: RHB Jordan Barragan Pickoff Throw to First - Out! 1-3
0-0: Ball
1-0: Ball
2-0: Fly out, F7 (Flyball, 78S, EV 85.0 MPH)
Batting: RHB Matt Crane 0-0: Called Strike
0-1: Ball
1-1: Ball
2-1: Foul Ball, location: 2F
2-2: Ball
3-2: Base on Balls
Batting: LHB Aaron Joyner 0-0: Ball
1-0: Foul Ball, location: 2F
1-1: Ball
2-1: Called Strike
2-2: Ball
3-2: SINGLE (Line Drive, 8LS, EV 93.1 MPH)
Matt Crane to second
Matt Crane to third
Batting: RHB Ben Kidder 0-0: Ball
1-0: Ball
2-0: Foul Ball, location: 2F
2-1: Called Strike
2-2: Ball
3-2: Ground out 6-3 (Groundball, P, EV 80.6 MPH)
Bottom of the 4th over - 0 runs, 2 hits, 0 errors, 2 left on base; Clinton 0 - Charleston 1
TOP OF THE 5TH
Clinton LumberKings batting - Pitching for Charleston RiverDogs : RHP Angel Gutierres
Batting: RHB Josh Mauer 0-0: Called Strike
0-1: Ball
1-1: Swinging Strike
1-2: SINGLE (Flyball, 3D, EV 96.2 MPH)
Batting: RHB Tomokazu Sugimoto 0-0: Called Strike
0-1: Ball
1-1: Swinging Strike
1-2: Ball
2-2: Ball
3-2: Foul Ball, location: 2F
3-2: Strikes out swinging
Batting: RHB Micah Roth 0-0: Ball
1-0: Ball
Josh Mauer steals 2nd base
2-0: Foul Ball, location: 2F
2-1: Ball
3-1: Foul Ball, location: 2F
3-2: Ground out 4-3 (Groundball, 4M, EV 81.2 MPH)
Josh Mauer to third
Batting: RHB Joe Stading 0-0: Ball
1-0: Foul Ball, location: 2F
1-1: Ground out U3 (Groundball, 34, EV 101.2 MPH)
Top of the 5th over - 0 runs, 1 hit, 0 errors, 1 left on base; Clinton 0 - Charleston 1
BOTTOM OF THE 5TH
Charleston RiverDogs batting - Pitching for Clinton LumberKings : LHP Chan-u Lee
Batting: RHB Alfredo Razo 0-0: Called Strike
0-1: Ball
1-1: Foul Ball, location: 2F
1-2: Ball
2-2: Ball
3-2: Foul Ball, location: 2F
3-2: Foul Ball, location: 2F
3-2: Ground out 5-3 (Groundball, 56S, EV 70.0 MPH)
Batting: RHB Jonathan Jelich 0-0: Ball
1-0: Foul Ball, location: 2F
1-1: Ball
2-1: Swinging Strike
2-2: Foul Ball, location: 2F
2-2: Ball
3-2: Foul Ball, location: 2F
3-2: Base on Balls
Pitching: RHP Adam Fair
Batting: SHB Victor Ruiz 0-0: Ball
1-0: Called Strike
1-1: Ball
2-1: Foul Ball, location: 2F
2-2: Foul Ball, location: 2F
2-2: Strikes out swinging
Batting: RHB Johannes Gutermuth 0-0: Ball
Jonathan Jelich steals 2nd base
1-0: Ball
2-0: Ball
3-0: Base on Balls
Batting: SHB Mukhtar Wa'il 0-0: Called Strike
0-1: Ball
1-1: Fly out, F6 (Flyball, 6D, EV 85.6 MPH)
Bottom of the 5th over - 0 runs, 0 hits, 0 errors, 2 left on base; Clinton 0 - Charleston 1
TOP OF THE 6TH
Clinton LumberKings batting - Pitching for Charleston RiverDogs : RHP Angel Gutierres
Pitching: RHP Cale Morris
Batting: LHB Justin Long 0-0: Swinging Strike
0-1: Foul Ball, location: 2F
0-2: Foul Ball, location: 2F
0-2: Strikes out swinging
Batting: SHB Jose Castillo 0-0: Foul Ball, location: 2F
0-1: Ball
1-1: Ball
2-1: Foul Ball, location: 2F
2-2: Foul Ball, location: 2F
2-2: Foul Ball, location: 2F
2-2: Strikes out looking
Batting: LHB Chang Huie 0-0: Ball
1-0: Called Strike
1-1: Fly out, F8 (Line Drive, 8LM, EV 105.0 MPH)
Top of the 6th over - 0 runs, 0 hits, 0 errors, 0 left on base; Clinton 0 - Charleston 1
BOTTOM OF THE 6TH
Charleston RiverDogs batting - Pitching for Clinton LumberKings : RHP Adam Fair
Batting: RHB Jordan Barragan 0-0: Called Strike
0-1: Called Strike
0-2: Strikes out swinging
Batting: RHB Matt Crane 0-0: Ball
1-0: Swinging Strike
1-1: Ball
2-1: Swinging Strike
2-2: Strikes out swinging
Batting: LHB Aaron Joyner 0-0: Foul Ball, location: 2F
0-1: Ball
1-1: Swinging Strike
1-2: Strikes out swinging
Bottom of the 6th over - 0 runs, 0 hits, 0 errors, 0 left on base; Clinton 0 - Charleston 1
TOP OF THE 7TH
Clinton LumberKings batting - Pitching for Charleston RiverDogs : RHP Cale Morris
Pitching: LHP Ron Cooper
Batting: RHB Clay Statum 0-0: Ball
1-0: Ball
2-0: Ball
3-0: Base on Balls
Batting: LHB Brian Butler 0-0: Sac Bunt to 15S - play at first, batter safe!
Clay Statum to second
Batting: RHB Josh Mauer 0-0: Foul Ball, location: 2F
0-1: Foul Ball, location: 2F
0-2: Strikes out swinging
Batting: RHB Tomokazu Sugimoto 0-0: Ball
1-0: Ball
2-0: Fly out, F7 (Flyball, 78M, EV 81.2 MPH)
Batting: RHB Micah Roth 0-0: Ball
1-0: SINGLE (Line Drive, 9LS, EV 103.1 MPH)
Clay Statum to third
Brian Butler to second
Runner from 3rd tries for Home, SAFE, throw by RF to home
Batting: RHB Joe Stading 0-0: Called Strike
0-1: Called Strike
0-2: Fly out, F3 (Popup, 23F, EV 83.8 MPH)
Top of the 7th over - 1 run, 2 hits, 0 errors, 2 left on base; Clinton 1 - Charleston 1
BOTTOM OF THE 7TH
Charleston RiverDogs batting - Pitching for Clinton LumberKings : RHP Adam Fair
Pitching: RHP Jose Rios
Batting: RHB Ben Kidder 0-0: Fly out, F9 (Flyball, 9, EV 87.5 MPH)
Pinch Hitting: RHB Nick Dunton 0-0: SINGLE (Groundball, 6MD, EV 105.0 MPH)
Batting: RHB Jonathan Jelich Balk!
Nick Dunton to second
0-0: Ground out 6-3 (Groundball, 6, EV 83.8 MPH)
Batting: SHB Victor Ruiz 0-0: Ball
1-0: Called Strike
1-1: Ball
2-1: Swinging Strike
2-2: Foul Ball, location: 2F
2-2: Strikes out swinging, 2-3 out at first.
Bottom of the 7th over - 0 runs, 1 hit, 0 errors, 1 left on base; Clinton 1 - Charleston 1
TOP OF THE 8TH
Clinton LumberKings batting - Pitching for Charleston RiverDogs : LHP Ron Cooper
Now in LF: Victor Ruiz
Now in RF: Nick Dunton
Batting: LHB Justin Long 0-0: Called Strike
0-1: Swinging Strike
0-2: Ball
1-2: Ball
2-2: Fly out, F6 (Popup, P, EV 73.8 MPH)
Batting: SHB Jose Castillo 0-0: Fly out, F7 (Flyball, 7LS, EV 82.5 MPH)
Pinch Hitting: RHB Justin Colella 0-0: Ball
1-0: Called Strike
1-1: Ball
2-1: DOUBLE (Line Drive, 7LM, EV 109.4 MPH)
Batting: RHB Clay Statum 0-0: Intentional Walk
Batting: LHB Brian Butler 0-0: Swinging Strike
0-1: Ball
1-1: Reached on error, E5 (Groundball, 5L, EV 88.1 MPH)
Justin Colella scores
Clay Statum to third
Batting: RHB Josh Mauer 0-0: Ball
1-0: Ball
2-0: Ball
3-0: Called Strike
3-1: Foul Ball, location: 2F
3-2: Strikes out swinging
Top of the 8th over - 1 run, 1 hit, 1 error, 2 left on base; Clinton 2 - Charleston 1
BOTTOM OF THE 8TH
Charleston RiverDogs batting - Pitching for Clinton LumberKings : RHP Jose Rios
Now at 3B: Emmanuel Thomas
Batting: RHB Johannes Gutermuth 0-0: Ball
1-0: Ball
2-0: Foul Ball, location: 2F
2-1: Called Strike
2-2: Ball
3-2: Foul Ball, location: 2F
3-2: Foul Ball, location: 2F
3-2: Foul Ball, location: 2F
3-2: Ground out 6-3 (Groundball, 56, EV 77.5 MPH)
Batting: SHB Mukhtar Wa'il 0-0: Fly out, F7 (Line Drive, 7D, EV 90.6 MPH)
Batting: RHB Jordan Barragan 0-0: Swinging Strike
0-1: Foul Ball, location: 2F
0-2: SINGLE (Groundball, 6MD, EV 101.9 MPH)
Batting: RHB Matt Crane
Batting: LHB Marty Hafner 0-0: Ball
1-0: Called Strike
1-1: Ball
2-1: Foul Ball, location: 2F
2-2: Ball
3-2: Base on Balls
Jordan Barragan to second
Batting: LHB Aaron Joyner 0-0: Ball
1-0: SINGLE (Groundball, 4MD, EV 101.9 MPH)
Jordan Barragan to third
Marty Hafner to second
Runner from 3rd tries for Home, SAFE, throw by CF to home
Pinch Runner at 2nd Omar Novoa:
Batting: RHB Ben Kidder 0-0: Swinging Strike
0-1: Called Strike
0-2: Ball
1-2: Ball
2-2: Strikes out swinging
Bottom of the 8th over - 1 run, 2 hits, 0 errors, 2 left on base; Clinton 2 - Charleston 2
TOP OF THE 9TH
Clinton LumberKings batting - Pitching for Charleston RiverDogs : LHP Ron Cooper
Pitching: RHP Travis Tate
Batting: RHB Tomokazu Sugimoto 0-0: Swinging Strike
0-1: Called Strike
0-2: Ball
1-2: Foul Ball, location: 2F
1-2: Ball
2-2: TRIPLE (Line Drive, 8LXD, EV 101.9 MPH)
Batting: RHB Micah Roth 0-0: SINGLE (Groundball, 6, EV 90.6 MPH) (infield hit)
Tomokazu Sugimoto scores
Batting: RHB Joe Stading 0-0: Fielders Choice at 2nd, 5-4 (Groundball, 56, EV 95.6 MPH)
Batting: LHB Justin Long 0-0: Called Strike
0-1: Ball
1-1: Foul Ball, location: 2F
1-2: Ball
2-2: Strikes out swinging
Batting: SHB Jose Castillo 0-0: Foul Ball, location: 2F
0-1: Swinging Strike
0-2: Strikes out swinging
Top of the 9th over - 1 run, 2 hits, 0 errors, 1 left on base; Clinton 3 - Charleston 2
BOTTOM OF THE 9TH
Charleston RiverDogs batting - Pitching for Clinton LumberKings : RHP Jose Rios
Pitching: RHP Willie Sanchez
Batting: RHB Nick Dunton 0-0: Called Strike
0-1: Ball
1-1: Foul Ball, location: 2F
1-2: Ball
2-2: Foul Ball, location: 2F
2-2: Foul Ball, location: 2F
2-2: Ball
3-2: Base on Balls
Batting: RHB Jonathan Jelich 0-0: Ball
1-0: Ball
2-0: Bunt missed!
2-1: Bunt missed!
2-2: Foul Ball, location: 2F
2-2: Fielders Choice at 2nd, 6-4 (Groundball, 6, EV 110.6 MPH)
Batting: SHB Victor Ruiz 0-0: Called Strike
0-1: Ball
1-1: Ball
2-1: Called Strike
2-2: Foul Ball, location: 2F
2-2: Foul Ball, location: 2F
2-2: Foul Ball, location: 2F
2-2: Strikes out looking
Batting: RHB Johannes Gutermuth 0-0: Called Strike
0-1: Foul Ball, location: 2F
0-2: Foul Ball, location: 2F
0-2: Strikes out swinging
Bottom of the 9th over - 0 runs, 0 hits, 0 errors, 1 left on base; Clinton 3 - Charleston 2
Wednesday, June 22nd , 2022 - OOTP Baseball 23.4 Build 64